 Dungeon Crawl Stone Soup version 0.22-a0-283-g1871b15 (webtiles) character file.

4089 vishdafish the Skirmisher (level 10, -2/102 HPs)
             Began as an Ogre Fighter on Mar 18, 2018.
             Was a Believer of Okawaru.
             Slain by Erica
             ... wielding a +2 scimitar of flaming
              (12 damage)
             ... on level 8 of the Dungeon.
             The game lasted 00:19:08 (10117 turns).

vishdafish the Skirmisher (Ogre Fighter)           Turns: 10117, Time: 00:19:09

Health: -2/102     AC:  5    Str: 22    XL:     10   Next: 26%
Magic:  0/11       EV: 11    Int: 12    God:    Okawaru [**....]
Gold:   0          SH:  9    Dex:  8    Spells: 9/9 levels left

rFire    . . .     SeeInvis .   a - +0 trident
rCold    . . .     Gourm    .   c - +0 shield
rNeg     . . .     Faith    .   y - +2 robe {MR+}
rPois    .         Spirit   +   (helmet restricted)
rElec    .         Reflect  .   v - scarf {Spirit}
rCorr    +         Harm     .   (gloves unavailable)
MR       +++..                  (boots unavailable)
Stlth    +.........             j - amulet of guardian spirit
HPRegen  0.27/turn              g - ring of protection from magic
MPRegen  0.12/turn              x - ring of resist corrosion

@: hasted, very quick
A: large, unfitting armour, tough skin 1
a: Heroism, Renounce Religion


You were on level 8 of the Dungeon.
You worshipped Okawaru.
Okawaru was pleased with you.
You were not hungry.

You visited 2 branches of the dungeon, and saw 9 of its levels.
You also visited: Ossuary.

Inventory:

Hand Weapons
 a - a +0 trident (weapon)
Missiles
 u - 81 stones (quivered)
Armour
 b - a +0 robe
 c - a +0 shield (worn)
 t - a +0 animal skin
 v - a scarf of spirit shield (worn)
 y - a +2 robe of magic resistance (worn)
Jewellery
 g - a ring of protection from magic (left hand)
 j - an amulet of guardian spirit (around neck)
 x - a ring of resist corrosion (right hand)
 C - an uncursed ring of ice
 N - an uncursed ring of stealth
Wands
 h - a wand of enslavement (4)
 B - a wand of digging (9)
Scrolls
 l - 6 scrolls of fog
 n - 3 scrolls of teleportation
 q - a scroll of enchant weapon {unknown}
 r - a scroll of fear {unknown}
 A - a scroll of enchant armour {unknown}
 D - a scroll of amnesia {unknown}
 G - a scroll of immolation {unknown}
 J - 2 scrolls of random uselessness
 L - 2 scrolls of blinking {unknown}
 M - a scroll of remove curse
 P - a scroll of noise {unknown}
Potions
 i - 2 potions of curing {unknown}
 k - 2 potions of flight {unknown}
 o - 2 potions of berserk rage {unknown}
 s - 2 potions of degeneration {unknown}
 w - a potion of brilliance {unknown}
 E - 2 potions of ambrosia {unknown}
 F - 2 potions of invisibility {unknown}
 H - a potion of mutation {unknown}
 I - 3 potions of haste
 O - a potion of agility {unknown}
Comestibles
 f - 9 rations


   Skills:
 - Level 7.0 Fighting
 + Level 6.1 Polearms
 * Level 5.6 Throwing
 * Level 5.6 Armour
 + Level 6.1 Dodging
 + Level 6.1 Shields
 * Level 2.2 Invocations


You had 9 spell levels left.
You didn't know any spells.

Dungeon Overview and Level Annotations

Branches:
Dungeon (8/15)             Temple (1/1) D:6
   Lair: D:8-11

Altars:
Cheibriados
Dithmenos
Elyvilon
Gozag
Hepliaklqana
Kikubaaqudgha
Makhleb
Okawaru
Qazlal
Ru
Sif Muna
Trog
Uskayaw
Vehumet
Wu Jian
Xom
Yredelemnul
Zin
The Shining One

Shops:
D:8 (

Annotations:
D:8 Erica, Maurice


Innate Abilities, Weirdness & Mutations

You are too large for most types of armour.
You have tough skin. (AC +1)


Message History

You hit something. Something hits you!
* * * LOW HITPOINT WARNING * * *
Something burns you.
* * * LOW HITPOINT WARNING * * *
You feel much better. Something hits you! Something burns you.
* * * LOW HITPOINT WARNING * * *
You feel yourself speed up.
You hit something. Something hits you.
* * * LOW HITPOINT WARNING * * *
Something burns you.
* * * LOW HITPOINT WARNING * * *
You miss something. Something hits you but does no damage.
You barely miss something. You closely miss something. Something hits you!
* * * LOW HITPOINT WARNING * * *
Something burns you.
* * * LOW HITPOINT WARNING * * *
You hit something. You closely miss something. Something hits you!
You die...

#.# #.# #.# #.# #.# .
#.# ##.## .#.#. ..
#.# ##...## .<..# .#
#.# ##.....## .#.#
##.#. #.# #.......#
...
#..#..#.#####.(.....#
.# #.#
#.{@......<.....#
.### #.#
###.######(....##
.).#######.#####.#
##.....##
((.(lO<.....(....#
#.()....#
##......##.#######
#.......#
###.....#.###
#....(..# ##........#
##.....## #........#
##...## #........###
#####


There were no monsters in sight!

Vanquished Creatures
  A two-headed ogre (D:8)
  Pikel (D:4)
  Grinder (D:5)
  A hippogriff (D:7)
  Prince Ribbit (D:5)
  Sigmund (D:3)
  An orc warrior (D:7)
  Duvessa (D:4)
  A phantom (D:6)
  4 ogres
  2 centaurs
  2 bullfrogs
  Blork the orc (D:5)
  Dowan (D:4)
  3 scorpions
  A killer bee (D:7)
  3 crimson imps
  3 centaur zombies (Ossuary)
  A quasit (D:8)
  A centaur skeleton (D:7)
  4 hounds
  2 jellies
  A bullfrog skeleton (D:5)
  An orc priest (D:5)
  4 iguanas
  Terence (D:3)
  3 worker ants
  Ijyb (D:5)
  2 orc wizards
  A big kobold zombie (Ossuary)
  5 mummies (Ossuary)
  11 adders
  8 gnolls
  A shadow imp (D:5)
  An ooze (D:2)
  An adder zombie (D:8)
  A worm (D:2)
  2 dart slugs
  A leopard gecko (D:8)
  12 orcs
  A ball python (D:1)
  5 bats
  5 giant cockroaches
  4 hobgoblins
  8 jackals
  7 kobolds
  2 quokkas
  7 frilled lizards
  14 goblins
  2 hobgoblin zombies (Ossuary)
  12 rats
161 creatures vanquished.

Vanquished Creatures (collateral kills)
  2 killer bees (D:7)
  4 orcs (D:7)
6 creatures vanquished.

Vanquished Creatures (others)
  2 slaves (D:4)
  2 killer bees (D:7)
  Robin (D:4)
  A worm (D:4)
  4 goblins (D:4)
  A hobgoblin (D:4)
  2 jackals (D:4)
13 creatures vanquished.

Grand Total: 180 creatures vanquished

Notes
Turn   | Place    | Note
-------+----------+-------------------------------------------
     0 | D:1      | vishdafish the Ogre Fighter began the quest for the Orb.
     0 | D:1      | Reached XP level 1. HP: 24/24 MP: 1/1
    45 | D:1      | Reached XP level 2. HP: 8/32 MP: 2/2
   697 | D:1      | Reached XP level 3. HP: 40/40 MP: 3/3
  1220 | D:2      | Noticed a scorpion
  1236 | D:2      | Killed a scorpion
  1236 | D:2      | Reached XP level 4. HP: 44/49 MP: 4/4
  1375 | D:2      | Reached skill level 5 in Fighting
  1558 | D:2      | Reached XP level 5. HP: 39/57 MP: 2/5
  2108 | D:3      | Noticed Sigmund
  2110 | D:3      | Noticed Terence
  2232 | D:3      | Killed Sigmund
  2232 | D:3      | Reached XP level 6. HP: 67/67 MP: 6/6
  2262 | D:3      | Killed Terence
  2331 | D:3      | Reached skill level 6 in Fighting
  2942 | D:4      | Reached XP level 7. HP: 73/75 MP: 7/7
  2949 | D:4      | Noticed Duvessa
  2969 | D:4      | Killed Duvessa
  2969 | D:4      | Reached skill level 1 in Armour
  3275 | D:4      | Noticed Robin
  3275 | D:4      | Noticed Pikel
  3331 | D:4      | Killed Pikel
  3331 | D:4      | Reached XP level 8. HP: 69/84 MP: 8/8
  3343 | D:4      | Killed Robin
  4043 | D:4      | Noticed Dowan
  4047 | D:4      | Killed Dowan
  4176 | D:5      | Entered Level 5 of the Dungeon
  4207 | D:5      | Reached skill level 7 in Fighting
  4369 | D:5      | Reached skill level 1 in Throwing
  4371 | D:5      | Noticed Blork the orc
  4386 | D:5      | Killed Blork the orc
  4535 | D:5      | Noticed Ijyb
  4545 | D:5      | Killed Ijyb
  4987 | D:5      | Noticed Grinder
  5002 | D:5      | Killed Grinder
  5002 | D:5      | Reached skill level 5 in Dodging
  5002 | D:5      | Reached skill level 5 in Shields
  5121 | D:5      | Noticed Prince Ribbit
  5146 | D:5      | Killed Prince Ribbit
  5146 | D:5      | Reached skill level 5 in Polearms
  5146 | D:5      | Reached XP level 9. HP: 48/93 MP: 7/9
  5480 | D:6      | Found a sand-covered staircase.
  5487 | Ossuary  | Entered an ossuary
  6790 | D:6      | Found a staircase to the Ecumenical Temple.
  6835 | Temple   | Entered the Ecumenical Temple
  6927 | Temple   | Became a worshipper of Warmaster Okawaru
  7713 | D:7      | Found a shimmering altar of Xom.
  7730 | D:7      | Found an iron altar of Okawaru.
  7730 | D:7      | Found an ancient bone altar of Kikubaaqudgha.
  7732 | D:7      | Found a burning altar of Makhleb.
  7732 | D:7      | Found a deep blue altar of Sif Muna.
  7732 | D:7      | Found a deep blue altar of Sif Muna.
  8185 | D:7      | Reached * piety under Okawaru
  8205 | D:7      | Reached skill level 5 in Armour
  8215 | D:7      | Found an opulent altar of Gozag.
  8537 | D:8      | Reached skill level 5 in Throwing
  8924 | D:8      | Noticed Maurice
  8926 | D:8      | Found Litor's Antique Weapon Shop.
  8935 | D:8      | Reached XP level 10. HP: 102/102 MP: 10/10
  9149 | D:8      | Noticed a two-headed ogre
  9746 | D:8      | Killed a two-headed ogre
  9746 | D:8      | Reached ** piety under Okawaru
 10095 | D:8      | Noticed Erica
 10117 | D:8      | Slain by Erica

Vault maps used:
D:1:      dpeg_arrival_ratfight
D:2:      kennysheep_pointless_box
D:3:      first_ration, uniq_terence, uniq_sigmund
D:4:      bh_walls_and_bars, uniq_robin, uniq_pikel, uniq_duvessa
D:5:      uniq_ijyb, uniq_prince_ribbit1, uniq_blork_the_orc, uniq_grinder
D:6:      minmay_temple_entry_overgrown, lightli_ossuary_entry_decrepit_ruins
D:7:      doesnt_xom_only_xom, basic_altar
D:8:      serial_shops, shop, st_stairs_10, uniq_erica, uniq_maurice
Temple:   kilobyte_greek_temple
Ossuary:  ossuary_the_hunt_dpeg

Skill      XL: |  1  2  3  4  5  6  7  8  9 10 |
---------------+-------------------------------+-----
Dodging        | 3 4 5 6 |  6.1
Shields        | 3 4 5 6 |  6.1
Fighting       | 5 6 7 |  7.0
Polearms       | 3 4 5 6 |  6.1
Armour         | 2 3 5 |  5.6
Throwing       | 3 5 |  5.6
Invocations    | 2 |  2.2

Action                   |  1- 3 |  4- 6 |  7- 9 | 10-12 || total
-------------------------+-------+-------+-------+-------++-------
Melee: Trident           |   107 |   149 |   521 |    90 ||   867
Throw: Throwing net      |     3 |       |     1 |       ||     4
       Stone             |       |       |    56 |       ||    56
Invok: Heroism           |       |       |       |     1 ||     1
Evoke: Wand              |       |       |    10 |     8 ||    18
  Use: Potion            |     1 |     1 |     3 |     3 ||     8
       Scroll            |       |     2 |     3 |       ||     5
 Stab: Sleeping          |     1 |       |       |       ||     1
       Held in net/web   |       |       |     1 |       ||     1
       Paralysed         |       |       |     6 |       ||     6
  Eat: Chunk             |       |     4 |    10 |       ||    14
       Ration            |       |     1 |     3 |     1 ||     5
Armor: Robe              |    11 |    19 |    66 |     5 ||   101
       Skin              |       |     7 |     7 |       ||    14
       Animal skin       |       |       |     7 |       ||     7
Dodge: Dodged            |    42 |    47 |   185 |    21 ||   295
Block: Shield            |    42 |    54 |   222 |    32 ||   350

Table legend:
 A = Spawn XP
 B = Non-spawn XP
 C = Spawn XP percentage of total XP
 D = Spawn monster count
 E = Non-spawn monster count
 F = Spawn count percentage of total count
 G = Total turns spent on level
                    A         B        C        D         E        F      G
               +---------+---------+-------+---------+---------+-------+---------
         Total |       0 |    5842 |   0.0 |       0 |     168 |   0.0 | 10117
               +---------+---------+-------+---------+---------+-------+---------
           D:1 |       0 |      59 |   0.0 |       0 |      32 |   0.0 |  1170
           D:2 |       0 |     159 |   0.0 |       0 |      18 |   0.0 |   855
           D:3 |       0 |     367 |   0.0 |       0 |      18 |   0.0 |   792
           D:4 |       0 |     934 |   0.0 |       0 |      19 |   0.0 |  1359
           D:5 |       0 |     930 |   0.0 |       0 |      14 |   0.0 |  1298
           D:6 |       0 |     458 |   0.0 |       0 |      15 |   0.0 |  1014
           D:7 |       0 |    1064 |   0.0 |       0 |      23 |   0.0 |  1871
           D:8 |       0 |    1615 |   0.0 |       0 |      18 |   0.0 |   924
       Ossuary |       0 |     256 |   0.0 |       0 |      11 |   0.0 |   707
               +---------+---------+-------+---------+---------+-------+---------
